 Dungeon Crawl Stone Soup version 0.30.0-5-g1a98f26d00 (webtiles) character file.

Game seed: 15461111806000931289

67 Jarnaxa the Chopper (level 4, 0/40 HPs)
             Began as a Draconian Berserker on May 10, 2023.
             Was a Believer of Trog.
             Slain by a gnoll
             ... wielding a +0 spear
              (5 damage)
             ... on level 2 of the Dungeon.
             The game lasted 00:02:16 (1006 turns).

Jarnaxa the Chopper (Draconian Berserker)           Turns: 1006, Time: 00:02:17

Health: 0/40       AC:  5    Str: 21    XL:     4   Next: 0%
Magic:  4/4        EV: 12    Int:  8    God:    Trog [**....]
Gold:   124        SH:  0    Dex: 10    Spells: 3/3 levels left

rFire   . . .        a - +0 hand axe
rCold   . . .        (no shield)
rNeg    . . .        (body armour unavailable)
rPois   .            (helmet restricted)
rElec   .            (no cloak)
rCorr   .            (no gloves)
SInv    .            (no boots)
Will    .....        (no amulet)
Stlth   +            (no ring)
HPRegen 0.26/turn    (no ring)
MPRegen 0.09/turn

%: no passive effects
@: no status effects
A: AC +5, unfitting armour, cold-blooded
a: Renounce Religion, Berserk, Trog's Hand


You were on level 2 of the Dungeon.
You worshipped Trog.
Trog was pleased with you.
You visited 1 branch of the dungeon, and saw 2 of its levels.

You collected 124 gold pieces.

Inventory:

Hand Weapons
 a - a +0 hand axe (weapon)
Scrolls
 c - a scroll of fog {unknown}
 d - a scroll of identify {unknown}
Potions
 b - 3 potions of lignification {unknown}
 e - a potion of brilliance {unknown}


   Skills:
 + Level 3.8 Fighting
 + Level 3.9 Axes
 + Level 3.3 Dodging
 + Level 0.1 Stealth


You had 3 spell levels left.
You didn't know any spells.
Your spell library was empty.

Dungeon Overview and Level Annotations

Branches:
Dungeon (2/15)

Altars:

Annotations:
D:2 Robin, Sigmund


Innate Abilities, Weirdness & Mutations

Your plain brown scales are hard. (AC +5)
You cannot fit into any form of body armour.
You are cold-blooded and may be slowed by cold attacks.


Message History

You closely miss the adder. The adder closely misses you.
You closely miss the adder. The adder closely misses you. The adder misses you.
You completely miss the adder.
You tail-slap the adder, but do no damage.
A gnoll comes into view. It is wielding a +0 spear.
The adder bites you but does no damage.
The gnoll shouts!
You hit the adder.
Your tail-slap misses the adder.
The adder is heavily wounded.
The adder barely misses you. x2
You slash the adder!
You kill the adder!
Trog accepts your kill.
You have reached level 4!
You feel clever.
A gnoll comes into view. It is wielding a +0 spear.
A gnoll comes into view. It is wielding a +0 flail.
The gnoll shouts!
The gnoll hits you but does no damage.
The gnoll throws a boomerang.
The boomerang hits you!
The gnoll throws a boomerang.
The boomerang hits you.
The gnoll shouts!
The gnoll hits you from afar with a +0 spear.
The gnoll barely misses you.
You slash the gnoll! You tail-slap the gnoll.
The gnoll is severely wounded.
The gnoll hits you from afar with a +0 spear!
Sigmund the Dreaded comes into view.
He is wielding a +0 scythe.
The gnoll hits you with a +0 spear. The gnoll closely misses you.
The gnoll misses you. Sigmund barely misses you.
You slash the gnoll!
You tail-slap the gnoll, but do no damage.
The gnoll is heavily wounded.
You barely miss the gnoll. You hit the gnoll.
The gnoll hits you with a +0 spear. x2
* * * LOW HITPOINT WARNING * * *
The gnoll hits you with a +0 flail.
* * * LOW HITPOINT WARNING * * *
Sigmund misses you. The gnoll hits you with a +0 spear.
You die...

#...........##........#
##
####....).#.....###..##
#< #......###:†## #.##
###. #####)####.## #.#
#... #.##...# ..# .....
..##.#.# #### ..##...
#.###...@ . #...
...#..##g#########.#
#...
........g@.........#
##...
...........g....#####
#[...
##...............###....
#..###....##...#........
#. ##.........#....... .
...............####
######.........## #
#..........##
...#.........####


You could see Sigmund and 3 gnolls.

Vanquished Creatures
  2 adders (D:2)
  4 bats
  4 endoplasms
  3 giant cockroaches
  9 goblins
  8 hobgoblins
  3 jackals (D:1)
  2 kobolds
  A quokka (D:1)
  4 ball pythons
  A frilled lizard (D:1)
  2 rats
43 creatures vanquished.

Notes
Turn   | Place    | Note
-------+----------+-------------------------------------------
     0 | D:1      | Jarnaxa the Draconian Berserker began the quest for the
                  | Orb.
     0 | D:1      | Reached XP level 1. HP: 19/19 MP: 1/1
   125 | D:1      | Reached XP level 2. HP: 26/26 MP: 2/2
   687 | D:2      | Reached ** piety under Trog
   690 | D:2      | Found a faded altar of an unknown god.
   720 | D:2      | Reached XP level 3. HP: 33/33 MP: 3/3
   763 | D:2      | Noticed Robin
   998 | D:2      | Reached XP level 4. HP: 40/40 MP: 4/4
  1005 | D:2      | Noticed Sigmund
  1006 | D:2      | Slain by a gnoll

Illustrated notes

Levels and vault maps discovered:
D:1:      lightli_arrival_statuegarden, layout_loops_ring
D:2:      layout_rooms, ebering_ecumenical_altar_mist, basic_altar,
          uniq_crazy_yiuf_cottage, uniq_robin, uniq_sigmund

Skill      XL: |  1  2 |
---------------+-------+-----
Dodging        | 3 |  3.3
Fighting       | |  3.8
Axes           | |  3.9
Stealth        | |  0.1

Action                     |  1- 3 |  4- 6 || total
---------------------------+-------+-------++-------
  Melee: Hand axe          |   116 |     2 ||   118
         Tailslap          |     8 |     2 ||    10
    Use: Scroll            |     3 |       ||     3
   Stab: Sleeping          |     1 |       ||     1
 Armour: Skin              |    36 |     1 ||    37
  Dodge: Dodged            |    90 |     5 ||    95
